 Dungeon Crawl Stone Soup version 0.24.0-13-gcf9b3192b9 (webtiles) character file.

Game seed: 14566481066316308194, levelgen mode: deterministic

48744 Ijustatesigmund the Commander (level 14, -2/126 HPs)
             Began as a Minotaur Monk on Nov 7, 2019.
             Was a High Priest of Okawaru.
             Drowned by a drowned soul (15 damage)
             ... summoned by a merfolk avatar
             ... on level 6 of the Lair of Beasts.
             The game lasted 00:55:05 (27698 turns).

Ijustatesigmund the Commander (Minotaur Monk)      Turns: 27698, Time: 00:55:06

Health: -2/126     AC: 13    Str: 17    XL:     14   Next: 13%
Magic:  17/23      EV: 18    Int:  9    God:    Okawaru [*****.]
Gold:   721        SH:  0    Dex: 17    Spells: 12/13 levels left

rFire    + . .     SeeInvis +   F - +6 battleaxe (freeze)
rCold    + . .     Gourm    .   (shield currently unavailable)
rNeg     . . .     Faith    .   b - +2 scale mail of Perpetual Drought {rElec Int+2 SInv}
rPois    +         Spirit   .   y - +2 hat {MR+}
rElec    +         Reflect  .   G - scarf {rC+ rF+}
rCorr    .         Harm     .   (no gloves)
MR       +++..                  (no boots)
Stlth    +.........             (no amulet)
HPRegen  0.31/turn              p - ring of Wonder {Wiz MR+}
MPRegen  0.18/turn              s - ring of poison resistance

@: heroism, finesse, mesmerised, very slow
A: retaliatory headbutt, horns 2
a: Heroism, Finesse, Renounce Religion


You were on level 6 of the Lair of Beasts.
You worshipped Okawaru.
Okawaru was extremely pleased with you.
You were not hungry.

You visited 3 branches of the dungeon, and saw 20 of its levels.

You collected 721 gold pieces.

Inventory:

Hand Weapons
 a - a +0 war axe
 g - a +2 mace
 l - a +2 hunting sling of freezing
 F - a +6 battleaxe of freezing (weapon)
Missiles
 e - 3 silver javelins (quivered)
 t - 6 javelins
Armour
 b - the +2 scale mail of Perpetual Drought (worn) {rElec Int+2 SInv}
   (You found it on level 5 of the Lair of Beasts)

   It affects your intelligence (+2).
   It insulates you from electricity.
   It lets you see invisible.
 o - a +1 large shield
 y - a +2 hat of magic resistance (worn)
 G - a scarf of resistance (worn)
Jewellery
 k - an uncursed ring of ice
 p - the ring of Wonder (left hand) {Wiz MR+}
   (You found it on level 10 of the Dungeon)

   [ring of wizardry]

   It improves your spell success rate.
   It affects your resistance to hostile enchantments.
 s - a ring of poison resistance (right hand)
Wands
 n - a wand of acid (3)
 q - a wand of digging (3)
 w - a wand of random effects (11)
 x - a wand of paralysis (15)
 E - a wand of polymorph (3)
 H - a wand of enslavement (7)
Scrolls
 f - 3 scrolls of teleportation
 h - 5 scrolls of remove curse
 i - 3 scrolls of magic mapping
 m - 7 scrolls of enchant weapon
 v - a scroll of fear
 B - 3 scrolls of fog
Potions
 d - a potion of agility
 j - a potion of brilliance {unknown}
 r - a potion of might
 u - 2 potions of heal wounds
 z - 2 potions of curing
 A - 2 potions of invisibility
 C - a potion of flight
 D - 2 potions of ambrosia
Comestibles
 c - 18 rations


   Skills:
 + Level 12.2(17.2) Fighting
 - Level 11.3(17.2) Axes
 + Level 8.0(15.7) Maces & Flails
 + Level 9.5(14.5) Armour
 + Level 7.2(12.2) Dodging
 - Level 1.5(6.5) Stealth
 - Level 10.4(15.4) Shields
 + Level 14.1 Invocations
 - Level 3.6 Evocations


You had 12 spell levels left.
You knew the following spells:

 Your Spells              Type           Power        Failure   Level  Hunger
a - Apportation           Tloc           #.....       34%         1    ##.....

Your spell library contained the following spells:

 Spells                   Type           Power        Failure   Level  Hunger
 Animate Skeleton         Necr           N/A          34%         1    ##.....
 Confusing Touch          Hex            #.....       34%         1    ##.....
 Summon Small Mammal      Summ           #...         34%         1    ##.....


Dungeon Overview and Level Annotations

Branches:
Dungeon (13/15)            Temple (1/1) D:7            Lair (6/6) D:11
  Swamp (0/4) Lair:4       Spider (0/4) Lair:2        Slime (0/5) Lair:6
    Orc (0/2) D:10
 Vaults: D:13-14

Altars:
Ashenzari
Cheibriados
Dithmenos
Fedhas
Gozag
Hepliaklqana
Kikubaaqudgha
Okawaru
Qazlal
Uskayaw
Zin

Shops:
D:7 (

Annotations:
D:7 Maurice
Lair:6 exclusion: 2 oklob plants


Innate Abilities, Weirdness & Mutations

You reflexively headbutt those who attack you in melee.
You have a pair of horns on your head.


Message History

You gain the combat prowess of a mighty hero.
The drowned soul touches you. The drowned soul drowns you!
The merfolk avatar chants its luring song.
The drowned soul touches you. The drowned soul drowns you!
You can now deal lightning-fast blows.
The merfolk avatar chants its luring song.
The merfolk avatar chants its luring song. x2
The drowned soul touches you. The drowned soul drowns you!
Found a chain mail.
You slice the drowned soul!!
The drowned soul is almost destroyed.
You hit the plant. You freeze the plant.
The pull of its song draws you forwards.
The drowned soul touches you. The drowned soul drowns you!
* * * LOW HITPOINT WARNING * * *
The drowned soul touches you. The drowned soul drowns you!
* * * LOW HITPOINT WARNING * * *
The merfolk avatar chants its luring song.
The drowned soul touches you. The drowned soul drowns you!
You die...

...≈≈≈≈≈#8≈≈≈≈≈≈P≈≈≈.#≈≈≈≈≈≈...##
...≈≈P≈≈#####.#.######≈≈≈P≈#.P..#
......≈≈#8≈≈≈≈≈≈≈≈≈≈8#≈≈##PP.#..#
....##≈≈#≈≈≈P#≈#≈P≈≈≈#≈≈#.≈......
^...≈≈≈≈#≈≈≈≈≈≈≈≈≈≈≈≈#≈≈≈≈≈......
....≈≈≈≈#≈≈≈≈!%}$P≈≈≈#≈≈≈≈.##....
...P##≈≈#≈≈≈≈)Wm!≈#P≈.≈≈##≈≈<...^
...≈##≈≈#≈≈≈≈$W≈$≈≈#≈.≈≈##P..####
...≈≈≈≈≈#≈≈≈≈[[|@≈#≈≈.≈≈≈≈≈......
....≈≈≈≈#≈≈≈≈≈≈≈≈≈P≈≈#≈≈≈≈....#..
....##≈≈#≈≈≈≈≈≈≈≈P≈≈≈#≈≈##≈......
...≈.#≈≈#8≈≈≈≈≈≈≈≈≈≈8#≈≈.#≈......
....≈≈≈≈#####≈≈≈≈#####≈≈≈≈≈......
...≈≈PP≈#8≈≈≈≈≈≈≈≈≈≈8#≈≈≈≈.....#.
...P#.≈≈#≈≈≈P≈8.≈≈≈≈≈#≈≈#...#.###
...≈##≈≈#≈≈≈≈≈≈≈≈≈≈≈≈#≈≈.#.P.##
...≈≈≈≈≈##≈###≈≈###≈.#≈≈≈≈...#


You could see a merfolk avatar and 2 drowned souls.

Vanquished Creatures
  Kirke (Lair:3)
  Nessos (D:12)
  Fannar (D:11)
  A centaur warrior (D:12)
  Harold (D:9)
  Erica (D:9)
  4 hydras
  2 two-headed ogres
  Sonja (Lair:2)
  A sea snake (Lair:5)
  A lindwurm (Lair:5)
  Pikel (D:4)
  A harpy (Lair:5)
  An ugly thing (D:13)
  A cyclops (D:12)
  16 elephants
  3 centaur zombies
  3 black mambas (Lair:5)
  11 spiny frogs
  A gargoyle (D:12)
  4 rime drakes
  A tengu conjurer (D:11)
  8 komodo dragons
  A troll (D:12)
  3 polar bears
  Prince Ribbit (Lair:1)
  2 jumping spiders (Lair:2)
  2 hornets (Lair:6)
  15 blink frogs
  A bog body (Lair:4)
  10 hippogriffs
  Sigmund (D:5)
  3 redbacks (Lair:2)
  3 hogs (Lair:3)
  Grum (Lair:1)
  22 yaks
  6 wyverns
  A basilisk (Lair:6)
  6 vampire mosquitoes
  Edmund (D:4)
  9 water moccasins
  Duvessa (D:6)
  10 porcupines
  An eye of draining (D:10)
  2 orc warriors
  A sky beast (D:6)
  4 ice beasts
  2 phantoms
  A slave (D:4)
  2 necrophages
  15 wolves
  5 ogres
  7 centaurs
  16 crocodiles
  4 big kobolds
  9 bullfrogs
  2 gnoll sergeants
  Dowan (D:6)
  A wyvern skeleton (D:9)
  6 scorpions
  10 wights
  An electric eel (Lair:4)
  3 howler monkeys (D:11)
  3 bullfrog zombies
  9 crimson imps
  5 jellies
  A quasit (D:5)
  A bullfrog skeleton (D:12)
  6 orc priests
  2 centaur skeletons (D:6)
  4 hounds
  Jessica (D:2)
  3 iguanas
  9 orc wizards
  2 worker ants (D:5)
  A hound zombie (D:7)
  A howler monkey zombie (D:9)
  17 gnolls
  13 adders
  2 adder zombies
  An adder skeleton (D:6)
  5 worms
  A dart slug (D:2)
  2 leopard geckos
  20 orcs
  2 ball pythons (D:2)
  12 bats
  3 giant cockroaches
  5 goblins
  13 hobgoblins
  14 jackals
  2 quokkas (D:2)
  3 frilled lizards
  A jackal zombie (D:6)
  25 kobolds
  A leopard gecko skeleton (D:6)
  A leopard gecko zombie (D:5)
  A quokka skeleton (D:7)
  4 rats (D:2)
  2 rat zombies (D:4)
  4 fungi
  2 plants
462 creatures vanquished.

Vanquished Creatures (others)
  2 blink frogs (Lair:6)
  Blork the orc (D:4)
  2 jellies (Lair:6)
  A bat zombie (D:4)
  7 fungi
  17 plants
30 creatures vanquished.

Grand Total: 492 creatures vanquished

Notes
Turn   | Place    | Note
-------+----------+-------------------------------------------
     0 | D:1      | Ijustatesigmund the Minotaur Monk began the quest for the
                  | Orb.
     0 | D:1      | Reached XP level 1. HP: 19/19 MP: 0/0
   872 | D:1      | Reached XP level 2. HP: 27/27 MP: 1/1
   943 | D:2      | Found a blossoming altar of Fedhas.
   943 | D:2      | Found a hazy altar of Hepliaklqana.
  1246 | D:2      | Reached XP level 3. HP: 34/34 MP: 2/2
  1733 | D:2      | Reached XP level 4. HP: 41/41 MP: 3/3
  1838 | D:2      | Reached skill level 5 in Fighting
  1838 | D:2      | Reached skill level 5 in Axes
  2000 | D:2      | Noticed Jessica
  2008 | D:2      | Killed Jessica
  2246 | D:3      | Reached XP level 5. HP: 48/48 MP: 4/4
  3217 | D:4      | Noticed a slave
  3218 | D:4      | Noticed Pikel
  3218 | D:4      | Noticed a slave
  3218 | D:4      | Noticed a slave
  3218 | D:4      | Noticed a slave
  3234 | D:4      | Killed a slave
  3299 | D:4      | Killed Pikel
  3299 | D:4      | Reached XP level 6. HP: 28/60 MP: 5/5
  3299 | D:4      | Reached XP level 7. HP: 31/66 MP: 6/6
  3333 | D:4      | Killed Blork the orc
  3772 | D:4      | Noticed Edmund
  3794 | D:4      | Killed Edmund
  3948 | D:4      | Found an ancient bone altar of Kikubaaqudgha.
  4032 | D:5      | Entered Level 5 of the Dungeon
  4105 | D:5      | Reached skill level 5 in Armour
  4226 | D:5      | Reached XP level 8. HP: 74/74 MP: 7/7
  4497 | D:5      | Got a transparent mace
  4498 | D:5      | Identified the +7 mace "Arcanum" {venom, rC++ Dex-4} (You
                  | found it on level 5 of the Dungeon)
  4641 | D:5      | Noticed Sigmund
  4650 | D:5      | Killed Sigmund
  4752 | D:6      | Noticed Duvessa
  4754 | D:6      | Noticed Dowan
  4761 | D:6      | Killed Duvessa
  4771 | D:6      | Killed Dowan
  5080 | D:6      | Reached XP level 9. HP: 61/83 MP: 8/8
  5421 | D:6      | Reached skill level 5 in Dodging
  5763 | D:7      | Found Vooror's Weapon Emporium.
  6146 | D:7      | Found a stormy altar of Qazlal.
  6320 | D:7      | Found a staircase to the Ecumenical Temple.
  6467 | D:7      | Reached skill level 1 in Shields
  6472 | Temple   | Entered the Ecumenical Temple
  6497 | Temple   | Became a worshipper of Warmaster Okawaru
  6497 | Temple   | Reached * piety under Okawaru
  6497 | Temple   | Reached ** piety under Okawaru
  6569 | D:8      | Reached skill level 1 in Invocations
  6580 | D:8      | Reached skill level 2 in Invocations
  6636 | D:8      | Reached skill level 3 in Invocations
  7361 | D:8      | Noticed Maurice
  7776 | D:8      | Noticed a two-headed ogre
  7786 | D:8      | Killed a two-headed ogre
  7786 | D:8      | Reached *** piety under Okawaru
  7786 | D:8      | Reached skill level 5 in Shields
  7786 | D:8      | Reached skill level 4 in Invocations
  7786 | D:8      | Reached XP level 10. HP: 68/92 MP: 10/12
  7893 | D:9      | Noticed Erica
  7916 | D:9      | Killed Erica
  7916 | D:9      | Reached skill level 5 in Invocations
  8292 | D:9      | Reached **** piety under Okawaru
  8297 | D:9      | Reached skill level 6 in Invocations
  8658 | D:9      | Noticed Harold
  8678 | D:10     | Entered Level 10 of the Dungeon
  9586 | D:9      | Killed Harold
  9586 | D:9      | Reached skill level 7 in Invocations
 10287 | D:10     | Got a scorched turquoise ring
 10294 | D:10     | Found a staircase to the Orcish Mines.
 10328 | D:10     | Reached ***** piety under Okawaru
 10328 | D:10     | Reached XP level 11. HP: 93/99 MP: 15/15
 10899 | D:11     | Reached skill level 10 in Fighting
 11034 | D:11     | Noticed Fannar
 11038 | D:11     | Identified the ring of Wonder {Wiz MR+} (You found it on
                  | level 10 of the Dungeon)
 11066 | D:11     | Killed Fannar
 11066 | D:11     | Reached skill level 10 in Axes
 11908 | D:11     | Found a staircase to the Lair.
 12320 | D:12     | Reached skill level 8 in Invocations
 12449 | D:12     | Noticed a five-headed hydra
 12458 | D:12     | Killed a six-headed hydra
 12458 | D:12     | Reached skill level 1 in Evocations
 12468 | D:12     | Noticed a two-headed ogre
 12474 | D:12     | Killed a two-headed ogre
 12715 | D:12     | Noticed a centaur warrior
 12718 | D:12     | Reached skill level 10 in Shields
 12729 | D:12     | Killed a centaur warrior
 12765 | D:12     | Noticed Nessos
 12781 | D:12     | Killed Nessos
 13104 | D:12     | Received a gift from Okawaru
 13823 | D:13     | Noticed a white ugly thing
 13837 | D:13     | Killed a white ugly thing
 14172 | Lair:1   | Entered Level 1 of the Lair of Beasts
 14172 | Lair:1   | Noticed Prince Ribbit
 14184 | Lair:1   | Reached XP level 12. HP: 90/110 MP: 17/17
 14209 | Lair:1   | Reached skill level 9 in Invocations
 14408 | Lair:1   | Noticed a five-headed hydra
 14420 | Lair:1   | Killed a five-headed hydra
 14607 | Lair:1   | Killed Prince Ribbit
 14692 | Lair:1   | Noticed Grum
 14712 | Lair:1   | Killed Grum
 15448 | Lair:1   | Reached skill level 10 in Invocations
 16205 | Lair:2   | Found a hole to the Spider Nest.
 16218 | Lair:2   | Reached ****** piety under Okawaru
 16773 | Lair:2   | Noticed Sonja
 16777 | Lair:2   | Reached skill level 11 in Invocations
 16796 | Lair:2   | Killed Sonja
 17436 | Lair:3   | Noticed an eight-headed hydra
 17450 | Lair:3   | Killed an eight-headed hydra
 17795 | Lair:3   | Reached skill level 12 in Invocations
 18377 | Lair:4   | Found a staircase to the Swamp.
 18379 | Lair:4   | Noticed Kirke
 18462 | Lair:3   | Killed Kirke
 18743 | Lair:4   | Reached XP level 13. HP: 54/116 MP: 19/21
 19696 | Lair:4   | Reached skill level 1 in Maces & Flails
 20065 | Lair:4   | Received a gift from Okawaru
 20342 | Lair:4   | Reached skill level 13 in Invocations
 21501 | Lair:5   | Found a blossoming altar of Fedhas.
 21807 | Lair:5   | Reached skill level 5 in Maces & Flails
 22457 | Lair:6   | Entered Level 6 of the Lair of Beasts
 22740 | Lair:5   | Identified the +2 scale mail of Perpetual Drought {rElec
                  | Int+2 SInv} (You found it on level 5 of the Lair of Beasts)
 25817 | Lair:6   | Reached skill level 14 in Invocations
 25892 | Lair:6   | Learned a level 1 spell: Apportation
 26396 | Lair:6   | Reached XP level 14. HP: 114/126 MP: 23/23
 27568 | Lair:6   | Found a staircase to the Slime Pits.
 27698 | Lair:6   | Drowned by a drowned soul

Levels and vault maps discovered:
D:1:      psy_arrival_whirlpool, layout_basic
D:2:      minmay_razor_zed, layout_loops_corners,
          chequers_temple_overflow_statue_of_worship, uniq_jessica
D:3:      layout_basic
D:4:      layout_loops_ring, lemuel_zombie_altar_kikubaaqudgha, first_ration,
          uniq_pikel, uniq_edmund, uniq_blork_the_orc
D:5:      layout_loops_cross, guppyfry_early_orc_mine, uniq_sigmund
D:6:      layout_basic, uniq_duvessa
D:7:      layout_basic, nicolae_qazlal_eye_of_the_storm, temple_fountains,
          serial_shops, kennysheep_little_box
D:8:      layout_loops_ring, uniq_maurice
D:9:      layout_basic, uniq_erica, uniq_harold
D:10:     layout_stronghold, orc_0_dummy
D:11:     layout_basic, lair_entry_dummy, grunt_tengu_nest, uniq_fannar
D:12:     old_forge, layout_small_grid, uniq_nessos
D:13:     layout_small_grid, enter_trove_5
Temple:   regret_index_temple_mists
Lair:1:   layout_cave_pods, serial_bayou_shore_b, uniq_grum, uniq_prince_ribbit2
Lair:2:   layout_cave_pods, nicolae_spider_entry_tight_spaces,
          lemuel_fruit_fields, serial_bayou_shore_a, uniq_sonja
Lair:3:   layout_long_grid, grunt_megastairs_5
Lair:4:   layout_gridlike, skrybe_swamp_entry_bodies, serial_bayou,
          serial_bayou_pond_b, serial_bayou_lake_a, serial_bayou_shore_b,
          serial_bayou_pond_d, uniq_kirke
Lair:5:   layout_cave_pods, basic_altar, chequers_serial_rivers_micro_a
Lair:6:   gammafunk_lair_ancient_temple, layout_gridlike,
          nicolae_slime_entry_slimehenge, minmay_lair_oklob_chamber

Skill      XL: |  1  2  3  4  5  6  7  8  9 10 11 12 13 14 |
---------------+-------------------------------------------+-----
Fighting       | 4 5 7 9 11 12 | 12.2
Axes           | 4 5 7 9 11 | 11.3
Armour         | 3 5 6 7 8 9 |  9.5
Dodging        | 4 5 6 7 |  7.2
Shields        | 5 9 10 | 10.4
Invocations    | 4 7 8 12 14 | 14.1
Evocations     | 3 |  3.6
Maces & Flails | 7 8 |  8.0
Stealth        | |  1.5

Action                   |  1- 3 |  4- 6 |  7- 9 | 10-12 | 13-15 || total
-------------------------+-------+-------+-------+-------+-------++-------
Melee: Hand axe          |    93 |   122 |       |       |       ||   215
       Headbutt          |    18 |    22 |    73 |   221 |   102 ||   436
       Unarmed           |       |     9 |       |       |       ||     9
       Dire flail        |       |       |   188 |       |       ||   188
       War axe           |       |       |   156 |   837 |    92 ||  1085
       Mace              |       |       |       |    13 |    13 ||    26
       Battleaxe         |       |       |       |       |   331 ||   331
Throw: Javelin           |       |     1 |     3 |     5 |     2 ||    11
 Cast: Apportation       |       |       |       |       |     1 ||     1
Invok: Heroism           |       |       |     1 |    10 |     9 ||    20
       Finesse           |       |       |       |     2 |     4 ||     6
Evoke: Wand              |       |       |       |    28 |    18 ||    46
  Use: Scroll            |     3 |     4 |     7 |     7 |    11 ||    32
       Potion            |       |     2 |     6 |     5 |     2 ||    15
 Stab: Paralysed         |       |       |       |    17 |       ||    17
  Eat: Chunk             |     3 |     4 |     6 |    18 |     5 ||    36
       Ration            |       |       |     3 |     5 |     7 ||    15
Armor: Chain mail        |    54 |    67 |   150 |   232 |       ||   503
       Robe              |     1 |       |       |       |       ||     1
       Plate armour      |       |       |       |   176 |   143 ||   319
       Scale mail        |       |       |       |       |   117 ||   117
Dodge: Dodged            |    34 |    47 |   112 |   167 |   310 ||   670
Block: Large shield      |       |       |    82 |   810 |   117 ||  1009
